AoeStats
← phamtrankhoanhi202

Arena

510122200Analyzed
1v1 RM · 3d ago on Sep 29, 2026· 121m 26s· 2 players
Game mode
Random Map
Map size
Tiny (2 player)
Population
200
Speed
Normal
Resources
Standard
Victory
Conquest
Starting age
Dark Age
Ending age
Imperial Age
RankedLock teamsTeams togetherTeam positionsShared explorationLock speedFull tech treeHidden civsTurbo modeCheats
Victory
Defeat
🇻🇳 Franks · Vietnam
932
-18
phamtrankhoanhi202
11:00 Feudal Age
9:15 Loom
15:10 Castle Age
13:41 Double-Bit Axe
15:40 Wheelbarrow
14:51 Town Watch
17:19 Forging
17:01 Fletching
22:24 Husbandry
24:58 Scale Barding Armor
25:50 Bow Saw
25:44 Loom
28:03 Padded Archer Armor
28:46 Gold Mining
30:03 Hand Cart
31:08 Bodkin Arrow
40:28 Imperial Age
39:49 Chain Barding Armor
40:05 Iron Casting
42:25 Chemistry
40:52 Cavalier
43:02 Ballistics
42:26 Elite Throwing Axeman
44:55 Plate Barding Armor
46:03 Blast Furnace
46:05 Leather Archer Armor
45:25 Light Cavalry
45:53 Capped Ram
48:27 Town Patrol
50:46 Paladin
61:50 Pikeman
62:32 Squires
76:46 Halberdier
82:51 Scale Mail Armor
86:08 Chain Mail Armor
91:03 Plate Mail Armor
103:51 Elite Skirmisher
𝘊𝘺𝘳𝘰𝘹 𝘐'𝘮.𝘉𝘳𝘰𝘬𝘦𝘯
0:33 Loom
9:58 Feudal Age
14:51 Castle Age
13:31 Double-Bit Axe
17:23 Fervor
23:29 Gold Mining
25:17 Sanctity
28:57 Imperial Age
26:24 Loom
30:05 Conscription
30:54 Chemistry
31:09 Squires
30:30 Pikeman
32:36 Wheelbarrow
32:28 Ballistics
42:06 Fletching
42:16 Padded Archer Armor
43:02 Treadmill Crane
44:17 Town Watch
44:48 Hand Cart
44:52 Padded Archer Armor
44:39 Horse Collar
46:05 Fortified Wall
47:45 Bodkin Arrow
48:05 Leather Archer Armor
47:56 Elite Genoese Crossbowman
52:10 Ring Archer Armor
51:41 Bracer
51:41 Scale Mail Armor
51:51 Forging
52:14 Husbandry
52:25 Bloodlines
52:36 Bow Saw
54:50 Cavalier
56:54 Chain Mail Armor
56:45 Scale Barding Armor
57:16 Iron Casting
63:13 Light Cavalry
69:06 Chain Mail Armor
71:13 Bloodlines
76:16 Hoardings
76:25 Hoardings
76:25 Heavy Plow
77:46 Two-Man Saw
78:21 Blast Furnace
77:51 Plate Mail Armor
77:44 Chain Barding Armor
80:10 Town Patrol
82:21 Plate Barding Armor
84:25 Elite Skirmisher
85:56 Hussar
92:52 Crop Rotation
97:40 Plate Mail Armor
101:02 Masonry
110:45 Onager
Connection lost

Rejoining the realm…

Still unreachable

The connection could not be restored.

Session expired

The server has moved on; the page needs a fresh start.